Cogmind - Beta 10.2 @@@ ROGUE MODE // 2021.09.02 @ 18:02:59 Player: Cracklepappy Result: Destroyed by H-55 Commando with Gauss Rifle Performance ------------- Evolutions (2) 1000 Regions Visited (9) 1800 Robots Destroyed (194) 970 Value Destroyed (5866) 5866 Prototype IDs (10) 200 Alien Tech Used (0) 0 Bonus (1865) 1865 TOTAL SCORE: 11701 Bonus ------- High Alert Combat Kills 921 Follower Combat Kills 264 Entered Garrisons 200 Used RIF Installer 500 Friendly Fire -20 Cogmind --------- Core Integrity 0/550 Matter 102/300 Energy 265/265 System Corruption 0% Temperature Cool (0) Movement Treading (200) Ox2 Location -8/Materials Parts ------- > --- POWER (1) -------- Improved Ion Engine > --- PROPULSION (3) --- Light Treads Light Treads Light Treads > --- UTILITY (5) ------ Large Storage Unit High-capacity Storage Unit High-capacity Storage Unit High-capacity Storage Unit Core Shielding > --- WEAPON (2) ------- Flak Gun Flak Gun > --- INVENTORY (34) --- Improved Ion Engine Light Deuterium Engine Light Nuclear Core Light Treads Improved Flight Unit Improved Flight Unit Improved Flight Unit Improved Flight Unit Advanced Heat Sink Medium Storage Unit Large Storage Unit Large Storage Unit High-capacity Matter Pod (200) Structural Scanner Experimental Sensor Array Long-range Terrain Scanner Advanced Terrain Scan Processor Heavy Armor Plating Improved Light Armor Plating Hacking Suite System Shield Relay Coupler [Grunt] (31) Relay Coupler [Sentry] (20) System Backup Module EM Pulse Cannon Improved Assault Rifle Gauss Rifle Flak Gun Improved Grenade Launcher Improved Datajack Makeshift Sword Peak State ------------ > --- POWER ------------ Improved Ion Engine > --- PROPULSION ------- Light Treads Light Treads Light Treads > --- UTILITY ---------- Large Storage Unit High-capacity Storage Unit High-capacity Storage Unit High-capacity Storage Unit Core Shielding > --- WEAPON ----------- Flak Gun Flak Gun > --- INVENTORY -------- Improved Ion Engine Light Deuterium Engine Light Nuclear Core Light Treads Light Treads Improved Flight Unit Improved Flight Unit Improved Flight Unit Improved Flight Unit Advanced Heat Sink Medium Storage Unit Large Storage Unit Large Storage Unit High-capacity Matter Pod Structural Scanner Experimental Sensor Array Long-range Terrain Scanner Advanced Terrain Scan Processor Heavy Armor Plating Improved Light Armor Plating Hacking Suite System Shield Relay Coupler [Grunt] Relay Coupler [Sentry] System Backup Module EM Pulse Cannon Improved Assault Rifle Gauss Rifle Flak Gun Flak Gun Improved Grenade Launcher Improved Datajack Makeshift Sword [Rating: 28] Favorites ----------- Power Improved Ion Engine Engine Improved Ion Engine Power Core Light Nuclear Core Propulsion Light Treads Treads Light Treads Wheel Wheel Flight Unit Improved Flight Unit Utility High-capacity Storage Unit Device Structural Scanner Storage High-capacity Storage Unit Hackware Relay Coupler [Sentry] Protection Medium Armor Plating Weapon Assault Rifle Energy Cannon EM Pulse Cannon Ballistic Gun Assault Rifle Launcher Rocket Launcher Slashing Weapon Katana Special Melee Weapon Datajack Build | -11 -10 -10 -9 -9 -9 -8 -8 -8 -8 ------- Run | Scr Mat Min Mat Min Exi Min Mat Gar Mat Slots Evolved 4 | . . . 2 . . . 2 . . Power . | . . . . . . . . . . Propulsion 1 | . . . . . . . 1 . . Utility 3 | . . . 2 . . . 1 . . Weapon . | . . . . . . . . . . Parts Attached 128 | 7 10 6 26 1 4 9 18 15 32 Power 9 | 1 1 1 2 . . 1 1 . 2 Engine 8 | 1 1 . 2 . . 1 1 . 2 Core 1 | . . 1 . . . . . . . Reactor . | . . . . . . . . . . Propulsion 41 | 2 4 . 11 . . 2 9 1 12 Treads 39 | 1 4 . 10 . . 2 9 1 12 Leg . | . . . . . . . . . . Wheel 1 | 1 . . . . . . . . . Hover . | . . . . . . . . . . Flight 1 | . . . 1 . . . . . . Utility 26 | 2 3 . 7 . 4 . 4 3 3 Device 1 | . . . 1 . . . . . . Storage 14 | 2 3 . 3 . 4 . 1 . 1 Processor . | . . . . . . . . . . Hackware 1 | . . . . . . . . 1 . Protection 10 | . . . 3 . . . 3 2 2 Artifact . | . . . . . . . . . . Weapon 52 | 2 2 5 6 1 . 6 4 11 15 Energy Gun . | . . . . . . . . . . Energy Cannon 7 | . . . . . . . . . 7 Ballistic Gun 28 | 2 2 3 5 1 . 4 3 5 3 Ballistic Cannon . | . . . . . . . . . . Launcher 14 | . . 2 1 . . 2 1 3 5 Special Weapon . | . . . . . . . . . . Impact Weapon . | . . . . . . . . . . Slashing Weapon 2 | . . . . . . . . 2 . Piercing Weapon . | . . . . . . . . . . Special Melee Weapon 1 | . . . . . . . . 1 . Unidentified Prototypes 1 | . . . 1 . . . . . . Parts Lost 20 | . 1 . 3 . . 4 8 2 2 Power 4 | . 1 . 1 . . 1 1 . . Propulsion 8 | . . . 2 . . 1 4 1 . Utility 1 | . . . . . . . 1 . . Weapon 7 | . . . . . . 2 2 1 2 Highest Loss Streak 4 | . 1 . 2 . . 2 4 2 2 Average Slot Usage (%) 99 | . 99 99 99 100 100 100 98 99 99 Engine 9 | . 13 5 8 11 11 11 9 9 9 Core 1 | . . 8 2 . . . . . . Treads 25 | . 27 28 21 22 22 22 26 26 26 Storage 35 | . 28 28 34 44 44 44 36 36 36 Protection 4 | . . . 9 . . . 8 8 9 Energy Cannon 1 | . . . . . . . . . 8 Ballistic Gun 20 | . 28 27 21 22 22 19 17 16 9 Naked Turns . | . . . . . . . . . . Heaviest Build 141 | 16 41 41 69 69 125 127 135 136 141 Greatest Support 60 | 10 40 40 40 40 40 40 60 60 60 Greatest Overweight (x) 3 | 1 1 1 1 1 3 3 3 2 3 Average Overweight (x) 1 | . . 1 1 1 2 3 2 2 2 Largest Inventory Capacity 34 | 8 16 16 26 26 34 34 34 34 34 Average Capacity 26 | 6 13 16 21 26 31 34 34 34 34 Most Carried 34 | 6 16 16 26 26 32 34 34 34 34 Average Carried 25 | 4 12 15 20 25 28 33 33 33 33 Final Capacity 34 | 8 16 16 26 26 34 34 34 34 34 Final Carried 34 | 6 16 16 26 26 32 34 34 34 32 Class Distribution -------------------- 73% | Hauler-Mutant 26% | Mutant Dominant Class ---------------- Mutant | -10/Materials Mutant | -10/Mines Hauler-Mutant | -9/Materials Hauler-Mutant | -9/Mines Hauler-Mutant | -9/Exiles Hauler-Mutant | -8/Mines Hauler-Mutant | -8/Materials Hauler-Mutant | -8/Garrison Hauler-Mutant | -8/Materials Resources | -11 -10 -10 -9 -9 -9 -8 -8 -8 -8 ----------- Run | Scr Mat Min Mat Min Exi Min Mat Gar Mat Matter Collected 4643 | 326 451 157 987 175 90 356 886 515 700 Remotely . | . . . . . . . . . . Salvage Created 6499 | 145 599 141 1174 218 . 649 1616 365 1592 Parts 432 | 7 42 9 82 15 . 46 89 24 118 Haulers Intercepted 7 | . 2 . 4 . . . 1 . . Recyclers Shooed 3 | . . . . . . . . . 3 Parts Field Recycled . | . . . . . . . . . . Retrieved Matter . | . . . . . . . . . . Parts Self-Destructed . | . . . . . . . . . . Prevented . | . . . . . . . . . . Kills | -11 -10 -10 -9 -9 -9 -8 -8 -8 -8 ------- Run | Scr Mat Min Mat Min Exi Min Mat Gar Mat Combat Hostiles Destroyed 161 | . 12 7 23 5 . 25 36 14 39 Guns 103 | . 12 1 19 5 . 11 32 8 15 Cannons 7 | . . . . . . . . . 7 AOE 49 | . . 6 4 . . 14 4 6 15 Classes Destroyed 15 | 2 4 1 4 . . 2 1 . 1 Worker 9 | . 1 . . . . 1 3 . 4 Builder 2 | . . . 1 . . 1 . . . Tunneler 3 | 2 . . . . . . . . 1 Hauler 7 | . 2 . 4 . . . 1 . . Recycler 7 | 1 1 2 . . . . 1 . 2 Operator 1 | . . . 1 . . . . . . Watcher 5 | . . . 2 . . . 1 . 2 Swarmer 55 | . 3 6 4 . . 11 10 8 13 Grunt 68 | . 9 . 13 4 . 12 14 6 10 Brawler 4 | . . . . . . 1 2 . 1 Duelist 5 | . . . . . . 1 2 . 2 Protector 2 | . . . . . . . . . 2 Sentry 23 | . . . 6 1 . . 7 . 9 Hunter 3 | . . . . . . . 1 . 2 Assembled 1 | . . 1 . . . . . . . Best Kill Streak 11 | 2 4 3 4 2 . 4 6 4 11 Combat Bots Only 9 | . 4 3 4 2 . 4 6 4 9 Max Kills in Single Turn 5 | 1 1 3 4 1 . 4 3 3 5 Gunslinging 1 | . . . . . . 1 . . 1 Exploded 5 | . . 3 4 . . 4 2 3 5 Melee . | . . . . . . . . . . Uniques/NPCs Destroyed . | . . . . . . . . . . Combat | -11 -10 -10 -9 -9 -9 -8 -8 -8 -8 -------- Run | Scr Mat Min Mat Min Exi Min Mat Gar Mat Damage Taken 6447 | . 383 132 1163 280 . 828 1717 641 1303 Core 811 | . 23 17 131 11 . 78 186 166 199 Absorbed by Shields 73 | . . . . . . . . 73 . Core Remaining (%) 76 | 100 . 84 . . . 45 . . . Volleys Fired 446 | 14 44 12 88 20 . 36 116 47 69 Largest 2 | 2 2 2 2 2 . 2 2 2 2 Hottest 126 | 40 40 40 46 46 . 56 46 46 126 Shots Fired 848 | 28 88 19 175 40 . 68 230 76 124 Gun 763 | 28 88 14 174 40 . 59 228 66 66 Cannon 46 | . . . . . . . . . 46 Launcher 39 | . . 5 1 . . 9 2 10 12 Special . | . . . . . . . . . . Kinetic 763 | 28 88 14 174 40 . 59 228 66 66 Thermal . | . . . . . . . . . . Explosive 39 | . . 5 1 . . 9 2 10 12 Electromagnetic 46 | . . . . . . . . . 46 Robot Hit Streak 24 | 5 13 7 18 20 . 23 21 23 24 Robot Miss Streak 5 | 2 3 4 5 1 . 2 2 3 4 Penetration Max . | . . . . . . . . . . Secondary Targets 7 | . 1 . 1 . . 3 1 . 1 Max Gunslinging Chain 1 | . 1 . 1 . . 1 1 . 1 Shots Hit Robots 643 | 19 62 11 118 35 . 60 179 59 100 Core Hits 366 | 6 28 11 56 10 . 41 75 26 113 Critical Hits 11 | . 1 . . 1 . 2 6 1 . Critical Kills 5 | . . . . . . 1 4 . . Critical Parts Destroyed 6 | . 1 . . 1 . 1 2 1 . Melee Attacks 3 | . . . . . . . . 3 . Impact . | . . . . . . . . . . Slashing 2 | . . . . . . . . 2 . Piercing . | . . . . . . . . . . Sneak Attacks . | . . . . . . . . . . Combat Hostiles . | . . . . . . . . . . Follow-up Attacks . | . . . . . . . . . . Damage Inflicted 14221 | 227 737 622 1937 500 . 2159 3027 1360 3652 Guns 8595 | 227 722 95 1647 500 . 799 2716 892 997 Cannons 959 | . . . . . . . . . 959 Explosions 4541 | . . 524 288 . . 1318 265 468 1678 Melee . | . . . . . . . . . . Ramming 126 | . 15 3 2 . . 42 46 . 18 Kinetic 8595 | 227 722 95 1647 500 . 799 2716 892 997 Thermal 507 | . . 36 . . . 329 . . 142 Explosive 4034 | . . 488 288 . . 989 265 468 1536 Electromagnetic 959 | . . . . . . . . . 959 Impact . | . . . . . . . . . . Slashing . | . . . . . . . . . . Piercing . | . . . . . . . . . . Highest Corruption . | . . . . . . . . . . Average Corruption . | . . . . . . . . . . Corruption Purged . | . . . . . . . . . . Overload Shots . | . . . . . . . . . . Overflow Damage 288 | . . 63 . . . 18 19 23 165 Projectiles 70 | . . . . . . . . . 70 Explosions 197 | . . 63 . . . 16 . 23 95 Melee 21 | . . . . . . 2 19 . . Knockbacks 2 | . . . . . . 1 . . 1 Impact 2 | . . . . . . 1 . . 1 Kinetic . | . . . . . . . . . . Secondary . | . . . . . . . . . . Self-Inflicted Damage 337 | . . . 47 . . 33 . 58 199 Shots 10 | . . . 1 . . 1 . 2 6 Rammed 17 | . 3 2 1 . . 5 3 . 3 Targets Rammed 18 | . 3 2 1 . . 5 4 . 3 Kicked . | . . . . . . . . . . Crushed 1 | . . . . . . . 1 . . Highest Temperature 231 | . 2 24 31 16 . 20 34 28 231 Average Temperature 33 | . 2 12 9 5 . 6 10 10 81 Received Heat Transfer 2248 | . 165 58 468 123 . 315 666 210 243 Effects 1 | . . . . . . . . . 1 Energy Bleed 1 | . . . . . . . . . 1 Siege Activations . | . . . . . . . . . . Robots Corrupted 2 | . . . . . . . . . 2 Combat Hostiles 2 | . . . . . . . . . 2 Parts Fried 9 | . . . . . . . . . 9 Impact Corruptions 2 | . . . . . . 1 1 . . Robots Melted . | . . . . . . . . . . Combat Hostiles . | . . . . . . . . . . Parts Melted 1 | . . . . . . 1 . . . Heat Transferred 550 | . . 50 . . . 400 . . 100 Parts Sabotaged . | . . . . . . . . . . Parts Stolen . | . . . . . . . . . . Parts Stripped . | . . . . . . . . . . Power Chain Reactions 2 | . . . . . . . . . 2 Missiles Intercepted . | . . . . . . . . . . Alert | -11 -10 -10 -9 -9 -9 -8 -8 -8 -8 ------- Run | Scr Mat Min Mat Min Exi Min Mat Gar Mat Peak Influence 1175 | 15 296 280 517 237 . 424 682 910 1175 Initial 443 | . 9 . 4 177 . . 121 403 443 Average 326 | 4 111 78 279 179 . 289 301 657 788 Maximum Alert Level 4 | . 1 1 2 1 . 2 2 3 4 Low Security (%) 39 | 100 80 90 26 81 . 9 39 . . Level 1 28 | . 19 9 50 18 . 76 30 . . Level 2 18 | . . . 22 . . 13 29 47 34 Level 3 12 | . . . . . . . . 52 60 Level 4 . | . . . . . . . . . 4 Level 5 . | . . . . . . . . . . High Security . | . . . . . . . . . . Max Security . | . . . . . . . . . . Squads Dispatched 20 | . 2 . 5 . . 1 3 . 9 Investigation 8 | . 2 . 3 . . . 1 . 2 Extermination . | . . . . . . . . . . Reinforcement 7 | . . . 2 . . 1 1 . 3 Assault 2 | . . . . . . . . . 2 Garrison 3 | . . . . . . . 1 . 2 Intercept . | . . . . . . . . . . Construction Impeded 1 | . . . . . . 1 . . . Haulers Reinforced . | . . . . . . . . . . Stealth | -11 -10 -10 -9 -9 -9 -8 -8 -8 -8 --------- Run | Scr Mat Min Mat Min Exi Min Mat Gar Mat Distress Signals 18 | . 3 1 7 . . . 2 . 5 Communications Jammed . | . . . . . . . . . . Distress Signals . | . . . . . . . . . . Times Spotted 258 | . 25 20 44 10 . 25 49 21 64 Peak Tracking Total 9 | . 7 3 5 3 . 4 6 4 9 Tactical Retreats 22 | . . . 5 2 . . 5 3 7 Traps | -11 -10 -10 -9 -9 -9 -8 -8 -8 -8 ------- Run | Scr Mat Min Mat Min Exi Min Mat Gar Mat Traps Triggered 15 | . 2 . . . . . 1 8 4 Indirectly . | . . . . . . . . . . Trap Hack Attempts . | . . . . . . . . . . Triggered . | . . . . . . . . . . Disarmed . | . . . . . . . . . . Reprogrammed . | . . . . . . . . . . Reused . | . . . . . . . . . . Traps Extracted . | . . . . . . . . . . Installed . | . . . . . . . . . . Triggered 2 | . . . . . . . 1 . 1 Machines | -11 -10 -10 -9 -9 -9 -8 -8 -8 -8 ---------- Run | Scr Mat Min Mat Min Exi Min Mat Gar Mat Machines Disabled 14 | . . 2 . . . 8 1 2 1 Max in Single Turn 6 | . . 2 . . . 6 1 1 1 Garrison Relay 2 | . . . . . . . . 2 . Machines Sabotaged . | . . . . . . . . . . Garrisons Compromised . | . . . . . . . . . . Overloaded Fab Kills . | . . . . . . . . . . Fab Network Shutdowns . | . . . . . . . . . . Hacking | -11 -10 -10 -9 -9 -9 -8 -8 -8 -8 --------- Run | Scr Mat Min Mat Min Exi Min Mat Gar Mat Machines Accessed 28 | . 7 . 9 . 1 1 6 . 4 Terminals 19 | . 7 . 5 . . 1 3 . 3 Fabricators . | . . . . . . . . . . Repair Stations 2 | . . . 1 . . . 1 . . Recycling Units 1 | . . . 1 . . . . . . Scanalyzers 4 | . . . 2 . . . 1 . 1 Garrison Access 1 | . . . . . . . 1 . . Total Hacks 86 | . 19 . 28 . 1 3 24 . 11 Successful 57 | . 11 . 20 . 1 2 17 . 6 Failed 28 | . 7 . 8 . . 1 7 . 5 Catastrophic 1 | . 1 . . . . . . . . Database Lockouts 1 | . 1 . . . . . . . . Manual 30 | . 7 . 6 . . 2 10 . 5 Terminals 53 | . 19 . 13 . . 3 11 . 7 Fabricators . | . . . . . . . . . . Repair Stations 6 | . . . 3 . . . 3 . . Recycling Units 1 | . . . 1 . . . . . . Scanalyzers 24 | . . . 11 . . . 9 . 4 Garrison Access 1 | . . . . . . . 1 . . Terminal Hacks 22 | . 11 . 4 . 1 1 3 . 2 Record 2 | . . . . . 1 1 . . . Part Schematic 2 | . 1 . 1 . . . . . . Robot Analysis 1 | . . . 1 . . . . . . Prototype ID Bank 6 | . 3 . 1 . . . 2 . . Branch Access Points 1 | . . . 1 . . . . . . Unreport Threat 2 | . . . . . . . 1 . 1 Locate Traps 5 | . 4 . . . . . . . 1 Recall Investigation 1 | . 1 . . . . . . . . Hauler Manifests 1 | . 1 . . . . . . . . Registered Prototypes 1 | . 1 . . . . . . . . Fabricator Hacks . | . . . . . . . . . . Repair Station Hacks 4 | . . . 2 . . . 2 . . Scan Component 2 | . . . 1 . . . 1 . . Repair 2 | . . . 1 . . . 1 . . Recycling Unit Hacks . | . . . . . . . . . . Scanalyzer 22 | . . . 10 . . . 8 . 4 Insert Component 10 | . . . 5 . . . 4 . 1 Analyze 12 | . . . 5 . . . 4 . 3 Garrison Access Hacks 1 | . . . . . . . 1 . . Unlock Access 1 | . . . . . . . 1 . . Unauthorized Hacks 8 | . . . 4 . . 1 3 . . Terminals 7 | . . . 3 . . 1 3 . . Track 5 | . . . 2 . . 1 2 . . Operators 2 | . . . 1 . . . 1 . . Fabricators . | . . . . . . . . . . Repair Stations . | . . . . . . . . . . Recycling Units 1 | . . . 1 . . . . . . Tunnel 1 | . . . 1 . . . . . . Scanalyzers . | . . . . . . . . . . Garrison Access . | . . . . . . . . . . Data Cores Recovered . | . . . . . . . . . . Used . | . . . . . . . . . . Hacking Detections 23 | . 7 . 7 . . 1 4 . 4 Full Trace Events 2 | . . . 2 . . . . . . Feedback Events . | . . . . . . . . . . Feedback Blocked . | . . . . . . . . . . Robot Schematics Acquired . | . . . . . . . . . . Robots Built . | . . . . . . . . . . Matter . | . . . . . . . . . . Time . | . . . . . . . . . . Total Robot Build Rating . | . . . . . . . . . . Part Schematics Acquired 12 | . 1 . 6 . . . 4 . 1 Parts Built . | . . . . . . . . . . Matter . | . . . . . . . . . . Time . | . . . . . . . . . . Total Part Build Rating . | . . . . . . . . . . Parts Repaired 2 | . . . 1 . . . 1 . . Time 138 | . . . 100 . . . 38 . . Parts Recycled . | . . . . . . . . . . Recycled Matter . | . . . . . . . . . . Retrieved Matter . | . . . . . . . . . . Retrieved Components . | . . . . . . . . . . Parts Scanalyzed 10 | . . . 5 . . . 4 . 1 Part Schematics Acquired 10 | . . . 5 . . . 4 . 1 Parts Damaged 2 | . . . 1 . . . 1 . . Bothacking | -11 -10 -10 -9 -9 -9 -8 -8 -8 -8 ------------ Run | Scr Mat Min Mat Min Exi Min Mat Gar Mat Used RIF Installer 1 | . . . . . . . . 1 . Robots Hacked 1 | . . . . . . . . 1 . Non-combat . | . . . . . . . . . . Combat 1 | . . . . . . . . 1 . Robot Hacks Applied 1 | . . . . . . . . 1 . formatsys_high 1 | . . . . . . . . 1 . Relay Couplers Released 10 | . . . . . . . . 10 . Machine Destruction 10 | . . . . . . . . 10 . Attached 1 | . . . . . . . . 1 . Robots Rewired . | . . . . . . . . . . Allies Hacked . | . . . . . . . . . . Hacks Repelled . | . . . . . . . . . . Allies | -11 -10 -10 -9 -9 -9 -8 -8 -8 -8 -------- Run | Scr Mat Min Mat Min Exi Min Mat Gar Mat Total Allies 7 | . . 6 . . . . . 1 . Largest Group 5 | . . 5 3 . . . . 1 . Highest-Rated Group 89 | . . 89 70 . . . . 15 . Highest-Rated Ally 31 | . . 31 31 . . . . 15 . Total Orders . | . . . . . . . . . . Ally Attacks 66 | . . 39 19 . . . . 8 . Total Damage 956 | . . 544 292 . . . . 120 . Kills 21 | . . 14 4 . . . . 3 . Allies Corrupted . | . . . . . . . . . . Allies Melted . | . . . . . . . . . . Intel | -11 -10 -10 -9 -9 -9 -8 -8 -8 -8 ------- Run | Scr Mat Min Mat Min Exi Min Mat Gar Mat Robot Analysis Total 1 | . . . 1 . . . . . . Derelict Logs Recovered 2 | . . 2 . . . . . . . Drone Launches . | . . . . . . . . . . Drone Recoveries . | . . . . . . . . . . Exploration | -11 -10 -10 -9 -9 -9 -8 -8 -8 -8 ------------- Run | Scr Mat Min Mat Min Exi Min Mat Gar Mat Turns Passed 10577 | 122 1220 1428 1782 525 413 1412 1499 740 1436 Spaces Moved 4269 | 76 618 677 639 252 199 580 482 269 477 Core 2 | 2 . . . . . . . . . Treads 4161 | . 586 677 639 252 199 580 482 269 477 Legs . | . . . . . . . . . . Wheels 106 | 74 32 . . . . . . . . Hover . | . . . . . . . . . . Flight . | . . . . . . . . . . Fastest Speed 50 | 50 90 180 180 180 180 220 200 200 200 Average Speed 188 | 87 164 180 180 180 203 220 202 200 200 Slowest Speed 220 | 90 180 180 180 180 220 220 220 200 220 Overloaded Moves . | . . . . . . . . . . Propulsion Burnouts . | . . . . . . . . . . Robots Hopped . | . . . . . . . . . . Cave-ins Triggered . | . . . . . . . . . . Exploration Rate (%) 62 | 6 98 99 59 61 52 95 53 48 57 Regions Visited 9 Branch Regions 4 Pre-discovered Areas 4 | . . 2 1 . 1 . . . . Known Exits Taken 2 | . . . 1 . . . 1 . . Unknown Exits Taken 6 | 1 1 1 . 1 1 1 . . . Scrap Searched 3 | . . 1 . 1 . 1 . . . Spaces Dug 36 | . . 23 . . . . . 1 12 Terrain Destroyed 309 | . . 54 8 . . 104 6 31 106 Melee . | . . . . . . . . . . Projectile . | . . . . . . . . . . AOE 309 | . . 54 8 . . 104 6 31 106 Terrain Rammed . | . . . . . . . . . . Walls Destroyed . | . . . . . . . . . . Machines Disabled . | . . . . . . . . . . Actions | -11 -10 -10 -9 -9 -9 -8 -8 -8 -8 --------- Run | Scr Mat Min Mat Min Exi Min Mat Gar Mat Total 6002 | 103 742 865 1128 294 208 644 788 394 836 Wait 926 | . 31 164 317 5 . 9 143 37 220 Move 4259 | 75 617 676 638 251 198 579 481 267 477 Hop . | . . . . . . . . . . Pick Up 112 | 7 21 2 30 8 4 5 16 7 12 Fast Attach 15 | 6 1 1 2 . . . 1 . 4 Attach 25 | 1 1 . 4 . . 4 9 2 4 Detach . | . . . . . . . . . . Swap 88 | . 8 5 20 1 4 5 8 13 24 Drop 96 | . 16 3 28 9 2 1 10 4 23 Fire 446 | 14 44 12 88 20 . 36 116 47 69 Melee 3 | . . . . . . . . 3 . Ram . | . . . . . . . . . . Kick . | . . . . . . . . . . Crush 18 | . 3 2 1 . . 5 4 . 3 Escape Stasis 14 | . . . . . . . . 14 . Rewire . | . . . . . . . . . . Trap . | . . . . . . . . . . Miscellaneous . | . . . . . . . . . . Route ------- -11/Scrapyard -10/Materials (discovered 4 exits: *Mat x3 / [*Min]) -10/Mines (discovered 2 exits: *Mat x2) -9/Materials (discovered 2 exits: *Mat / *Min) -9/Mines (discovered 2 exits: *Mat / *Exi) -9/Exiles -8/Mines (discovered 2 exits: *Mat x2) -8/Materials (discovered 3 exits: [*Fac] / [*Sto] / Gar) -8/Garrison -8/Materials (discovered 3 exits: [*Fac x2] / [*Sto]) History --------- Turn | Location | Event 14 | -11/Scrapyard | Discovered new exit (range 15) 123 | -11/Scrapyard | Entered Materials 304 | -10/Materials | Build established: Mutant 361 | -10/Materials | Discovered new exit (range 6) 555 | -10/Materials | Discovered new exit (range 12) 635 | -10/Materials | Central database locked down 765 | -10/Materials | Discovered new exit (range 12) 1158 | -10/Materials | Discovered new exit (range 16) 1343 | -10/Materials | Entered Mines 1350 | -10/Mines | Received a Rocket Launcher from a helpful Derelict 1467 | -10/Mines | Assisted by bots powering up and referring to "LRC-V3" 1591 | -10/Mines | Discovered new exit (range 7) 1695 | -10/Mines | Discovered new exit (range 15) 1713 | -10/Mines | Escorted by a lone wolf Derelict 1722 | -10/Mines | Assembled infested the area 1935 | -10/Mines | Learned location of Zion (-6) 2238 | -10/Mines | Found a damaged Exp. Sensor Array with a note attached 2244 | -10/Mines | Found Prototype Device 2771 | -10/Mines | Entered Materials 2771 | -9/Materials | Accompanied by 3 allies 2771 | -9/Materials | Evolved 2 slots: Utility x2 2776 | -9/Materials | Led the pair of lost Derelicts to an unsafe place 3121 | -9/Materials | Build established: Hauler-Mutant 3133 | -9/Materials | Identified Exp. Sensor Array 3319 | -9/Materials | Discovered new exit (range 7) 4092 | -9/Materials | Repaired Broken Exp. Sensor Array 4330 | -9/Materials | Identified exit to Mines 4385 | -9/Materials | Discovered new exit (range 10) 4553 | -9/Materials | Entered Mines 4561 | -9/Mines | Joined a pair of Derelicts in attacking an 0b10 outpost 4668 | -9/Mines | Found a hidden stash of uninstalled traps 4779 | -9/Mines | A weapon hastily lodged in a ceiling crevice suddenly fell to the ground 4864 | -9/Mines | Discovered new exit (range 3) 5027 | -9/Mines | Deemed a non-threat by the Exiles lab entrance 5027 | -9/Mines | Discovered new exit (range 5) 5078 | -9/Mines | Entered Exiles 5123 | -9/Exiles | Met 8R-AWN 5149 | -9/Exiles | Met EX-HEX 5286 | -9/Exiles | Met EX-DEC 5465 | -9/Exiles | Discovered new exit (range 10) 5491 | -9/Exiles | Entered Mines 5707 | -8/Mines | Core integrity fell below 50% 6254 | -8/Mines | Discovered new exit (range 11) 6313 | -8/Mines | Discovered new exit (range 10) 6903 | -8/Mines | Entered Materials 6903 | -8/Materials | Evolved 2 slots: Propulsion x1, Utility x1 7130 | -8/Materials | Repaired Hvy. Armor Plating 7917 | -8/Materials | Discovered new exit (range 5) 8114 | -8/Materials | Lost 4 parts (1p2n1w) 8138 | -8/Materials | Discovered new exit (range 16) 8313 | -8/Materials | Garrison activated, responded to threat 8400 | -8/Materials | Identified exit to Garrison 8402 | -8/Materials | Entered Garrison 8412 | -8/Garrison | Installed Relay Interface Framework 8498 | -8/Garrison | Triggered checkpoint 8585 | -8/Garrison | Garrison Relay disabled 8684 | -8/Garrison | Triggered checkpoint 8754 | -8/Garrison | Core integrity fell below 50% 8800 | -8/Garrison | Triggered checkpoint 8938 | -8/Garrison | Triggered checkpoint 9059 | -8/Garrison | Garrison Relay disabled 9120 | -8/Garrison | Discovered new exit (range 10) 9142 | -8/Garrison | Entered Materials 9517 | -8/Materials | Destroyed 9 combat bots 9549 | -8/Materials | Discovered new exit (range 16) 9942 | -8/Materials | First assault squad dispatched 10023 | -8/Materials | Core integrity fell below 20% 10295 | -8/Materials | Discovered new exit (range 15) 10413 | -8/Materials | Discovered new exit (range 12) 10468 | -8/Materials | Garrison activated, responded to threat 10528 | -8/Materials | Destroyed 7 combat bots 10569 | -8/Materials | Garrison activated, responded to threat 10578 | -8/Materials | Destroyed by H-55 Commando with Gauss Rifle Last Messages --------------- 10557_ U-05 Engineer lays Concrete. 10557_ Triggered Blade Trap. 10557_ Massive razor-sharp blades shoot up from within the floor. 10557_ Lgt. Treads severed. 10557_ Flak Gun severed. 10558_ O-16 Technician: "IFF HANDSHAKE FAILED. SECURING TERMINAL." 10558_ U-05 Engineer lays Concrete. 10559_ O-16 Technician uses terminal to summon reinforcements. 10559_ ALERT: Hostiles spotted, dispatching reinforcements to Terminal M009. 10559_ O-16 Technician locks terminal. 10559_ Acquired Lgt. Treads. 10566_ Penetrated by Slug. 10569_ Slug penetrates W-25 Informer. 10569_ H-55 Commando calls for garrison reinforcements. 10569_ ALERT: Activating Garrison Access M001. 10570_ S-10 Pest emerges from the garrison. 10572_ Penetrated by Slug. 10572_ S-10 Pest destroyed. 10575_ Penetrated by Slug. Map ----- +----------------------------------------------------+ | | | | | | | | | ?????????????????????????????????????????????????? | | ?????????????????????????????????????????????????? | | ?????????????????????????????????????????????????? | | ?????????????????????????????????????????????????? | | ?????????????????????????????????????????????????? | | ?????????????????????????????????????????????????? | | ?????????????????????????????????????????????????? | | ?????????????????????????????????????????????????? | | ?????????????????????????????????????????????????? | | ?????????????????????????????????????????????????? | | ???????????????####+#######??????????????????????? | | ???????????????? ??????????????????????? | | ????????????????# ??????????????????????? | | ????????????????# """ #????????????????? | | ????????????????# "G" #????????????????? | | ????????????????# " " T????????????????? | | ????????????????# s^ =o####?????????????? | | ?????????????????? % r ??????????????? | | ???????????????????? sh""" #???????????????? | | ?????????????????????? w %""" ] #???????????????? | | ???????????????????????# """ #?????????? ????? | | ???????????????????????# @ = #?????????? ????? | | ???????????????????????# #?????????? ????? | | ???????????????????????# """ #??????????